 Dungeon Crawl Stone Soup version 0.25-a0-42-g6c54e25894 (webtiles) character file.

Game seed: 17147943100614043674, levelgen mode: deterministic

318 Gargoyl the Skirmisher (level 6, -10/53 HPs)
             Began as a Draconian Abyssal Knight on Oct 22, 2019.
             Was a Believer of Lugonu.
             Mangled by an ogre
             ... wielding a +0 giant club
              (30 damage)
             ... on level 4 of the Dungeon.
             The game lasted 00:05:09 (3522 turns).

Gargoyl the Skirmisher (Draconian Abyssal Knight)   Turns: 3522, Time: 00:05:10

Health: -10/53     AC:  9    Str: 16    XL:     6   Next: 21%
Magic:  8/8        EV: 13    Int: 12    God:    Lugonu [**....]
Gold:   263        SH:  4    Dex: 14    Spells: 5/5 levels left

rFire    . . .     SeeInvis .   a - +1 hand axe
rCold    . . .     Gourm    .   d - +0 buckler
rNeg     . . .     Faith    .   (armour unavailable)
rPois    .         Spirit   .   (helmet restricted)
rElec    .         Reflect  .   (no cloak)
rCorr    .         Harm     .   i - +2 pair of gloves
MR       .....                  (no boots)
Stlth    ++........             (no amulet)
HPRegen  0.17/turn              k - +3 ring of dexterity
MPRegen  0.11/turn              (no ring)

@: no status effects
A: unfitting armour, cold-blooded, AC +6
a: Depart the Abyss, Bend Space, Renounce Religion


You were on level 4 of the Dungeon.
You worshipped Lugonu.
Lugonu was pleased with you.
You were not hungry.

You visited 1 branch of the dungeon, and saw 4 of its levels.
You visited the Abyss 1 time.

You collected 263 gold pieces.

Inventory:

Hand Weapons
 a - a +1 hand axe (weapon)
Armour
 d - a +0 buckler (worn)
 i - a +2 pair of gloves (worn)
Jewellery
 k - a +3 ring of dexterity (left hand)
Wands
 g - a wand of iceblast (9)
Scrolls
 e - 2 scrolls of identify
 h - 2 scrolls of amnesia
 j - a scroll of remove curse
 l - a scroll of immolation {unknown}
Potions
 c - 2 potions of brilliance
 f - a potion of curing
Comestibles
 b - 9 rations


   Skills:
 + Level 4.3 Fighting
 + Level 3.7 Axes
 + Level 3.3 Dodging
 + Level 1.0 Stealth
 * Level 2.0 Shields
 * Level 3.3 Invocations


You had 5 spell levels left.
You didn't know any spells.
Your spell library was empty.

Dungeon Overview and Level Annotations

Branches:
Dungeon (4/15)
 Temple: D:4-7

Altars:
Hepliaklqana
Ru
Vehumet
Zin

Annotations:
D:4 Grinder


Innate Abilities, Weirdness & Mutations

Your plain brown scales are hard. (AC +6)
You cannot fit into any form of body armour.
You are cold-blooded and may be slowed by cold attacks.


Message History

The ogre barely misses you.
You hit the ogre.
The ogre is lightly wounded.
The ogre closely misses you.
You hit the ogre.
The ogre is moderately wounded.
You hit the ogre but do no damage. You tail-slap the ogre.
The ogre is heavily wounded.
The ogre hits you with a +0 giant club!!
You hit the ogre. You tail-slap the ogre.
The ogre is severely wounded.
The ogre hits you with a +0 giant club!
You hit the ogre.
The ogre is almost dead.
The ogre closely misses you.
You hit the ogre.
Your tail-slap misses the ogre.
The ogre is almost dead.
The ogre hits you with a +0 giant club!!
Ouch! That really hurt!
You die...

###########
#.........#
##.........#
>..........#
#.........## #
... #..[.O.....#
......#
#.....@....###
...##.#
#............#
......#
#............#
...##.#
###............#
......#
.....#####....##
..##..##.....#
#.###.# .#
#.........# #.
#.#
.###.##......#
#.###.#
.....##......#
##...##


You could see an ogre.

Vanquished Creatures
  A scorpion (D:4)
  A howler monkey (D:4)
  A bullfrog skeleton (D:4)
  4 worker ants (D:4)
  A hound skeleton (D:4)
  4 adders
  An adder skeleton (D:4)
  3 dart slugs
  3 leopard geckos
  3 goblins
  6 hobgoblins
  6 jackals
  8 kobolds
  2 quokkas (D:3)
  4 ball pythons
  2 bats (D:1)
  3 frilled lizards
  A quokka skeleton (D:4)
  7 rats
61 creatures vanquished.

Notes
Turn   | Place    | Note
-------+----------+-------------------------------------------
     0 | Abyss:1  | Gargoyl the Draconian Abyssal Knight began the quest for
                  | the Orb.
     0 | Abyss:1  | Reached XP level 1. HP: 19/19 MP: 2/2
    61 | Abyss:1  | Noticed a thrashing horror
    62 | D:1      | Escaped the Abyss
   389 | D:1      | Reached XP level 2. HP: 26/26 MP: 3/3
   405 | D:1      | Reached * piety under Lugonu
  1050 | D:1      | Reached XP level 3. HP: 32/33 MP: 4/4
  1357 | D:2      | Noticed a phantom
  1495 | D:3      | Found a radiant altar of Vehumet.
  1763 | D:3      | Reached XP level 4. HP: 40/40 MP: 5/5
  1763 | D:3      | Reached skill level 1 in Shields
  2193 | D:4      | Found a hazy altar of Hepliaklqana.
  2217 | D:4      | Reached ** piety under Lugonu
  2221 | D:4      | Reached skill level 4 in Fighting
  2484 | D:4      | Reached XP level 5. HP: 10/46 MP: 7/7
  2737 | D:4      | Noticed Grinder
  2740 | D:4      | Paralysed by Grinder for 2 turns
  3204 | D:4      | Found a sacrificial altar of Ru.
  3204 | D:4      | Found a glowing silver altar of Zin.
  3364 | D:4      | Reached skill level 1 in Stealth
  3364 | D:4      | Reached XP level 6. HP: 38/53 MP: 8/8
  3522 | D:4      | Mangled by an ogre

Levels and vault maps discovered:
D:1:      dpeg_arrival_arbitrary_c, layout_rooms
D:2:      layout_rooms, first_ration
D:3:      layout_loops_ring, old_standard_altar
D:4:      layout_loops_cross, old_standard_altar,
          gammafunk_temple_overflow_wave, uniq_grinder, uniq_ijyb

Skill      XL: |  1  2  3  4  5 |
---------------+----------------+-----
Shields        | 1 2 |  2.0
Fighting       | 4 |  4.3
Axes           | 3 |  3.7
Dodging        | 3 |  3.3
Invocations    | 3 |  3.3
Stealth        | 1 |  1.0

Action                   |  1- 3 |  4- 6 || total
-------------------------+-------+-------++-------
Melee: Hand axe          |   109 |   118 ||   227
       Tailslap          |    13 |    20 ||    33
Invok: Depart the Abyss  |     1 |       ||     1
  Use: Scroll            |     7 |     2 ||     9
       Potion            |       |     1 ||     1
 Stab: Sleeping          |     2 |     1 ||     3
  Eat: Chunk             |     2 |     6 ||     8
Armor: Skin              |    47 |    40 ||    87
Dodge: Dodged            |    89 |    72 ||   161
Block: Buckler           |    20 |    22 ||    42

Table legend:
 A = Non-vault XP
 B = Vault XP
 C = Vault XP percentage of total XP
 D = Non-vault monster count
 E = Vault monster count
 F = Vault count percentage of total count
                 A         B        C        D         E       F
            +---------+---------+-------+---------+---------+-------
      Total |     455 |       0 |   0.0 |      61 |       0 |   0.0
            +---------+---------+-------+---------+---------+-------
        D:1 |      44 |       0 |   0.0 |      23 |       0 |   0.0
        D:2 |      29 |       0 |   0.0 |      12 |       0 |   0.0
        D:3 |      34 |       0 |   0.0 |      12 |       0 |   0.0
        D:4 |     348 |       0 |   0.0 |      14 |       0 |   0.0
            +---------+---------+-------+---------+---------+-------
